 Dungeon Crawl Stone Soup version 0.30-a0-7-g94fe547ab8 (webtiles) character file.

Game seed: 4898790010927867841

8 Nedwor the Cutter (level 2, 22/22 HPs)
             Began as a Demonspawn Gladiator on Aug 23, 2022.
             Quit the game on level 1 of the Dungeon.
             The game lasted 00:00:18 (331 turns).

Nedwor the Cutter (Demonspawn Gladiator)             Turns: 331, Time: 00:00:19

Health: 22/22      AC:  4    Str: 14    XL:     2   Next: 0%
Magic:  2/2        EV: 12    Int:  9    God:
Gold:   10         SH:  0    Dex: 14    Spells: 1/1 levels left

rFire   . . .      SeeInvis .    a - +0 rapier
rCold   . . .      Faith    .    (no shield)
rNeg    . . .      Spirit   .    b - +0 leather armour
rPois   .          Reflect  .    c - +0 helmet
rElec   .          Harm     .    (no cloak)
rCorr   .          Rampage  .    (no gloves)
Will    .....                    (no boots)
Stlth   +.........               (no amulet)
HPRegen 0.07/turn                (no ring)
MPRegen 0.08/turn                (no ring)

@: no status effects
A: hooves 1
a: no special abilities


You were on level 1 of the Dungeon.
You visited 1 branch of the dungeon, and saw 1 of its levels.

You collected 10 gold pieces.

Inventory:

Hand Weapons
 a - a +0 rapier (weapon)
Armour
 b - a +0 leather armour (worn)
 c - a +0 helmet (worn)


   Skills:
 + Level 2.1 Fighting
 * Level 2.9 Short Blades
 - Level 1.7 Throwing
 + Level 0.3 Armour
 + Level 2.8 Dodging


You had one spell level left.
You didn't know any spells.
Your spell library was empty.

Dungeon Overview and Level Annotations

Branches:
Dungeon (1/15)

Altars:


Innate Abilities, Weirdness & Mutations

You have large cloven feet.


Message History

A quokka is nearby!
A quokka is nearby!
A quokka is nearby!
The quokka completely misses you.
You miss the quokka. The quokka barely misses you.
You hit the quokka.
You kill the quokka!
No target in view!
No target in view!
No target in view!
No target in view!
No target in view!
No target in view!
You see here a dart slug corpse.
Found a leather armour.
You open the door.
There is an open door here.
As you open the door, it creaks loudly!
Found 6 poisoned darts.
Found a stone staircase leading down.
There is an open door here.
Found 5 stones.
You now have 10 gold pieces.
There is a stone staircase leading down here.
Found an escape hatch in the floor.
No target in view!
Found a mace.
You open the door.
There is an open door here.
A rat comes into view.
Found a scroll labelled UME UDEYJUTT.
A rat is nearby!
A rat is nearby!
A rat is nearby!
You hit the rat but do no damage. The rat bites you but does no damage.
You hit the rat.
You kill the rat!
You have reached level 2!
Your demonic ancestry asserts itself...
Your feet thicken and deform.
Are you sure you want to abandon this character and quit the game? (Confirm with "yes".)

+..'.<.# #..#...#
####...# ###########+##
#...##..##...##### #.
.................####...
#...##..##...###........
##########'### #........
#...# #@....... #...#
#?....... #...#
#........ #...#
#........ #...#
#........ #####
###.##### .# ##


There were no monsters in sight!

Vanquished Creatures
  A dart slug (D:1)
  An endoplasm (D:1)
  A quokka (D:1)
  2 kobolds (D:1)
  2 rats (D:1)
7 creatures vanquished.

Notes
Turn   | Place    | Note
-------+----------+-------------------------------------------
     0 | D:1      | Nedwor the Demonspawn Gladiator began the quest for the
                  | Orb.
     0 | D:1      | Reached XP level 1. HP: 16/16 MP: 1/1
   331 | D:1      | Gained mutation: You have large cloven feet. [demonic
                  | ancestry]
   331 | D:1      | Reached XP level 2. HP: 22/22 MP: 2/2
   331 | D:1      | Quit the game

Illustrated notes

Levels and vault maps discovered:
D:1:      dpeg_arrival_houses_and_road, layout_basic,
          chequers_ecumenical_altar_simple_redux, serial_shops, shop

Action                   || total
-------------------------++-------
Melee: Rapier            ||    15
Armor: Leather armour    ||     3
Dodge: Dodged            ||     7

Table legend: (Time is in decaauts)
 A = Elapsed time spent in this place.
 B = Non-inter-level travel time spent in this place.
 C = Inter-level travel time spent in this place.
 D = Time resting spent in this place.
 E = Time spent auto-exploring this place.
 F = Levels seen in this place.
 G = Mean time per level.
                   A        B        C        D        E       F      G
               +--------+--------+--------+--------+--------+-----+--------+
         Total |    331 |    331 |      0 |      0 |    292 |   1 |  331.0 |
       Dungeon |    331 |    331 |      0 |      0 |    292 |   1 |  331.0 |
               +--------+--------+--------+--------+--------+-----+--------+

Top non-repeatable levels by time:
     D:1: 331 daAuts
